 Dungeon Crawl Stone Soup version 0.14-a0-1765-g49ce880 (webtiles) character file.

200 Jenx the Chopper (level 4, -2/37 HPs)
             Began as a Minotaur Assassin on Jan 5, 2014.
             Slain by a ynoxinul (5 damage)
             ... on Level 1 of the Abyss.
             The game lasted 00:05:32 (2602 turns).

Jenx the Chopper (Minotaur Assassin)                Turns: 2602, Time: 00:05:32

HP  -2/37        AC  7     Str 17      XL: 4   Next: 32%
MP   2/2         EV  8     Int  8      God:
Gold 110         SH  0     Dex 11      Spells:  0 memorised,  3 levels left

rFire  . . .     SeeInvis .     a - +1 hand axe (chop)
rCold  . . .     Clarity  .     H - +0 orc scale mail
rNeg   . . .     Conserve .     (no shield)
rPois  .         rCorr    .     (helmet restricted)
rElec  .         rRot     .     d - +0 cloak
SustAb . .       Spirit   .     (no gloves)
rMut   .         Warding  .     (no boots)
Saprov . . .     Stasis   .     (no amulet)
                                (no ring)
                                (no ring)

@: slightly resistant to hostile enchantments, extremely unstealthy
A: retaliatory headbutt, horns 2
a: no special abilities


You were on level 1 of the Abyss.
You were hungry.

You visited 1 branch of the dungeon, and saw 3 of its levels.
You visited the Abyss 1 time.

You collected 110 gold pieces.

Inventory:

Hand weapons
 a - a +1,+1 hand axe of chopping (weapon)
 b - a +0 blowgun
Missiles
 e - 8 poisoned needles
 f - 2 curare-tipped needles
 A - 31 darts (quivered)
Armour
 c - a +0 robe
 d - a +0 cloak (worn)
 H - a +0 orcish scale mail (worn)
Magical devices
 C - a wand of frost (10) {unknown}
Comestibles
 g - 7 bread rations
 r - a choko
 u - a beef jerky
 v - a meat ration
 B - 2 apples
 G - a rotting chunk of rat flesh
Scrolls
 i - a scroll of enchant weapon I {unknown}
 j - a scroll of amnesia {unknown}
 m - a scroll of enchant weapon II {unknown}
 o - 3 scrolls of remove curse {unknown}
 p - a scroll of teleportation {unknown}
 q - a scroll of curse armour {unknown}
 s - a scroll of recharging {unknown}
 w - 2 scrolls of noise {unknown}
 y - a scroll of identify {unknown}
 F - a scroll of curse jewellery {unknown}
Jewellery
 h - an uncursed ring of sustain abilities {unknown}
 k - a cursed ring of wizardry {unknown}
 D - an uncursed amulet of rage {unknown}
 E - a cursed ring of teleportation {unknown}
Potions
 l - a potion of beneficial mutation {unknown}
 n - 2 potions of heal wounds {unknown}
 t - a potion of agility {unknown}
 x - a potion of curing {unknown}
 z - 2 potions of invisibility {unknown}


   Skills:
 - Level 2.9 Fighting
   Level 2.1 Short Blades
 - Level 3.4 Axes
 - Level 2.0 Throwing
 + Level 2.6 Armour
 - Level 1.1 Dodging
 - Level 3.2 Stealth


You had 3 spell levels left.
You didn't know any spells.

Dungeon Overview and Level Annotations

Branches:
Dungeon (3/16)

Altars:
Fedhas
Xom
Zin


Innate Abilities, Weirdness & Mutations

You reflexively headbutt those who attack you in melee.
You have a pair of horns on your head.


Message History

The ufetubus hits you.
* * * LOW HITPOINT WARNING * * *
The ufetubus barely misses you.
You barely miss the ynoxinul.
The ynoxinul is heavily wounded.
You closely miss the ufetubus.
The ufetubus is heavily wounded.
The ufetubus barely misses you.
The ufetubus hits you but does no damage.
The ufetubus closely misses you.
The ynoxinul gestures.
You closely miss the ufetubus.
The ufetubus is heavily wounded.
You hit the ynoxinul but do no damage. You headbutt the ynoxinul.
The ynoxinul is heavily wounded.
The ufetubus hits you but does no damage.
The ufetubus completely misses you. You furiously retaliate!
You headbutt the ufetubus. The ufetubus closely misses you.
The ynoxinul hits you.
You die...

###.[.. .....
.## #...##. ## .
#.. #..#. . 3 .
.. #..
##.....#.. . :.#
..# #.... #
#..#.#.#5.####
####5...# .5_.#.
#
#5#55...##......
#@35# ## .
3#####
##55......#...
###.##.#.. .#
#.#. .... #.#.
#.. ...# ... # .


You could see a ynoxinul and 7 ufetubi.

Vanquished Creatures
  2 adders (D:3)
  2 worms
  4 ufetubi (Abyss:1)
  A giant gecko (D:1)
  2 orcs (D:3)
  6 bats
  4 giant cockroaches
  7 hobgoblins
  7 kobolds
  2 quokkas (D:2)
  4 giant newts
  4 goblins
  16 rats
61 creatures vanquished.

Notes
Turn   | Place    | Note
--------------------------------------------------------------
     0 | D:1      | Jenx, the Minotaur Assassin, began the quest for the Orb.
     0 | D:1      | Reached XP level 1. HP: 18/18 MP: 1/1
   198 | D:1      | Reached skill level 1 in Axes
   200 | D:1      | Reached XP level 2. HP: 19/25 MP: 1/1
   552 | D:1      | Reached XP level 3. HP: 20/30 MP: 2/2
   948 | D:2      | Found a glowing silver altar of Zin.
   950 | D:2      | Noticed an angel
   952 | D:2      | Found a shimmering altar of Xom.
  1687 | D:3      | Reached skill level 1 in Armour
  1954 | D:3      | Reached XP level 4. HP: 27/37 MP: 2/2
  2490 | D:3      | Found a blossoming altar of Fedhas.
  2554 | D:3      | Noticed an orc warrior
  2561 | D:3      | Cast into the Abyss (orc)
  2561 | Abyss:1  | Found a corrupted altar of Lugonu.
  2570 | Abyss:1  | Noticed a ynoxinul
  2602 | Abyss:1  | Slain by a ynoxinul

Action                   |  1- 3 |  4- 6 || total
-------------------------+-------+-------++-------
Melee: Hand axe          |    92 |    39 ||   131
       Dagger            |     9 |       ||     9
 Stab: Sleeping          |     4 |       ||     4
